AoeStats
← iM 我要打十个

Arena

504705284Analyzed
1v1 RM · 27d ago on Sep 6, 2026· 38m 37s· 2 players
Game mode
Random Map
Map size
Tiny (2 player)
Population
200
Speed
Normal
Resources
Standard
Victory
Conquest
Starting age
Dark Age
Ending age
Imperial Age
RankedLock teamsTeams togetherTeam positionsShared explorationLock speedFull tech treeHidden civsTurbo modeCheats
Victory
Defeat
🇨🇳 Khmer · China
987
+14
🇹🇼 Chinese · Taiwan
952
-41
ZeKAY
10:27 Feudal Age
13:15 Double-Bit Axe
16:19 Horse Collar
21:03 Stone Mining
23:20 Castle Age
33:03 Imperial Age
32:42 Pikeman
35:58 Sanctity
iM 我要打十个
7:57 Loom
11:28 Feudal Age
15:26 Castle Age
13:33 Horse Collar
13:39 Double-Bit Axe
17:16 Bow Saw
19:43 Heavy Plow
22:56 Gold Mining
29:10 Imperial Age
27:51 Gold Shaft Mining
28:17 Bloodlines
28:08 Husbandry
28:40 Scale Barding Armor
28:34 Stone Mining
29:32 Forging
30:19 Chain Barding Armor
31:12 Crop Rotation
31:26 Iron Casting
30:30 Elite Battle Elephant
34:48 Blast Furnace
34:24 Plate Barding Armor
34:47 Siege Engineers
35:42 Chemistry
35:03 Ballistics
35:37 Conscription
35:39 Tusk Swords
35:47 Tusk Swords
36:16 Devotion
37:46 Masonry
38:42 Faith
Connection lost

Rejoining the realm…

Still unreachable

The connection could not be restored.

Session expired

The server has moved on; the page needs a fresh start.